 Dungeon Sprint DCSS version 0.31-a0-521-gc7390f8997 (webtiles) character file.

Game seed: 16424231109404878785

5 rocky1 the Changeling (level 1, -3/13 HPs)
             Began as an Octopode Shapeshifter on Aug 11, 2023.
             Splashed by a jelly's acid (4 damage)
             ... in the Dungeon (Sprint IX: "|||||||||||||||||||||||||||||").
             The game lasted 00:00:05 (20 turns).

rocky1 the Changeling (Octopode Shapeshifter)         Turns: 20, Time: 00:00:06

Health: -3/13      AC:  1    Str: 14    XL:     1   Next: 80%
Magic:  1/1        EV: 13    Int: 10    God:
Gold:   0          SH:  0    Dex: 12    Spells: 0/0 levels left

rFire   . .          .
                       - Unarmed
rCold   . . .        (no shield)
rNeg    . . .        (helmet currently unavailable)
rPois   .            (no amulet)
rElec   .            (no ring)
rCorr   .            (no ring)
SInv    .            (no ring)
Will    .....        (no ring)
Stlth   ++           (no ring)
HPRegen 0.22/turn    (no ring)
MPRegen 0.07/turn    (no ring)
                     (no ring)

%: no teleportation
@: beast-form
A: beast (slay +2), almost no armour, amphibious, 8 rings, camouflage 1,
gelatinous body 1, (nimble swimmer 1), tentacles
a: Begin Untransformation


You were in the Dungeon.
You were a hulking beast.
You visited 1 branch

Inventory:

Talismans
 b - a beast talisman (active)
 c - a flux talisman
Scrolls
 i - a scroll of blinking
Potions
 a - a potion of lignification
 d - a potion of curing
 e - a potion of heal wounds
 f - a potion of haste
 g - 2 potions of magic
 h - a potion of berserk rage


   Skills:
 + Level 1.0 Fighting
 + Level 2.1 Dodging
 + Level 3.5 Unarmed Combat
 + Level 3.8 Shapeshifting


You couldn't memorise any spells.
You didn't know any spells.
Your spell library was empty.

Dungeon Overview and Level Annotations

Branches:
Dungeon (1/1)

Altars:


Innate Abilities, Weirdness & Mutations

You are a hulking beast.
Your limbs bulge with bestial killing power. (Slay +2)
You cannot wear most types of armour.
You are amphibious.
You can wear up to eight rings at the same time.
Your skin changes colour to match your surroundings (Stealth+).
Your rubbery body absorbs attacks. (AC +1, EV +1)
((You are camouflaged when in or above water. (Stealth+)))
You have tentacles for arms and can constrict up to eight enemies at once.


Message History

Press ? for a list of commands and other information.
Found a staircase leading out of the dungeon.
You open the door.
A jackal, a goblin, 2 kobolds and a quokka come into view.
The kobold shouts!
The jackal barks!
The kobold shouts!
The goblin shouts!
You tentacle-slap the kobold.
You kill the kobold!
The jackal barely misses you.
There is an open door to the Dungeon here.
Things that are here:
a +0 short sword; a kobold corpse You closely miss the jackal.
Your grab misses the jackal. The jackal bites you.
The jackal completely misses you.
You bludgeon the jackal!
You kill the jackal!
You bludgeon the goblin!
You kill the goblin!
The kobold misses you.
Things that are here:
a +0 dagger; a jackal corpse You bludgeon the kobold!
You kill the kobold!
You tentacle-slap the quokka. You grab the quokka.
The quokka is almost dead.
You constrict the quokka.
You kill the quokka!
Things that are here:
a +0 short sword; a quokka corpse; a kobold corpse You start resting.
HP restored.
You open the door.
A jelly, an ogre, a water moccasin, a quokka and an ice beast come into view.
You bludgeon the jelly!
Your tentacles burn!
You squeeze the jelly.
The jelly is severely wounded.
The water moccasin hisses angrily.
The jelly hits you.
You are splashed with acid!
Ouch! That really hurt!
* * * LOW HITPOINT WARNING * * *
You tentacle-slap the jelly.
Your tentacles burn!
You die...

▓.▓
▓.▓
▓.▓
▓)▓
▓)▓
▓)▓
▓.▓
▓.▓
▓h▓
▓J▓
▓.▓
▓O▓
▓S▓
▓r▓
▓Y▓
▓+▓


You could see a water moccasin, an ice beast, an ogre, a jelly and a quokka.

Vanquished Creatures
  A goblin (D)
  A jackal (D)
  A quokka (D)
  2 kobolds (D)
5 creatures vanquished.

Notes
Turn   | Place    | Note
-------+----------+-------------------------------------------
     0 | D        | rocky1 the Octopode Shapeshifter began the quest for the
                  | Orb.
     0 | D        | Reached XP level 1. HP: 13/13 MP: 1/1
    18 | D        | Noticed a jelly
    18 | D        | Noticed an ogre
    18 | D        | Noticed a water moccasin
    18 | D        | Noticed an ice beast
    20 | D        | Splashed by a jelly's acid

Illustrated notes

Levels and vault maps discovered:
D:        linesprint [early_d, line_temple, items_1, d_10, items_2, lair_1,
          lair_end, items_3, orc_1, orc_end, items_4, d_15, swamp_1, shoals_1,
          snake_1, spider_1, d_20, vaults_1, items_5, swamp_end, shoals_end,
          snake_end, spider_end, vaults_end, d_27, items_6, zot_1, zot_end,
          crypt_end, forest_end, elf_end, slime_end, tomb_end, abyss_end,
          pan_hell_end]

Action                     || total
---------------------------++-------
  Melee: Unarmed           ||     8
         Constrict         ||     1
         Tentacles         ||     1
  Dodge: Dodged            ||     3

Table legend: (Time is in decaauts)
 A = Elapsed time spent in this place.
 B = Non-inter-level travel time spent in this place.
 C = Inter-level travel time spent in this place.
 D = Time resting spent in this place.
 E = Time spent auto-exploring this place.
 F = Levels seen in this place.
 G = Mean time per level.
                   A        B        C        D        E       F      G
               +--------+--------+--------+--------+--------+-----+--------+
         Total |     19 |     19 |      0 |      2 |      0 |   1 |   19.0 |
       Dungeon |     19 |     19 |      0 |      2 |      0 |   1 |   19.0 |
               +--------+--------+--------+--------+--------+-----+--------+

Top non-repeatable levels by time:
       D: 19 daAuts
